Map: Abyssal Reef LE

Players

Ziggy

  • Race: Terran Terran
  • Spawn Location: 5:00

Matiz - Winner!

  • Race: Zerg Zerg
  • Spawn Location: 11:00

Event: IEM XI Katowice - World Championship 2017

VOD

Have the link to the VOD?

Description

Time

  • Played on: Feb. 27, 2017, 9:59 a.m.
  • Length: 16:52

All games in this series

Show
View Real Time Build Order
Export as new Build Order

Ziggy Terran 

Build Orders: Reaper Expand, MMM Bio 

Get SALT Encoding   

  12  0:00  SCV  
  13  0:12  SCV  
  14  0:17  Supply Depot  
  14  0:24  SCV  
  15  0:38  SCV  
  15  0:39  Barracks  
  16  0:45  Refinery  
  16  0:50  SCV  
  17  1:02  SCV  
  18  1:14  SCV  
  19  1:27  Orbital Command  
  19  1:28  Reaper  
  20  1:46  Command Center  
  20  1:53  SCV  
  21  2:02  Barracks  
  21  2:03  Barracks Reactor  
  21  2:06  SCV  
  22  2:11  Supply Depot  
  22  2:17  Refinery  
  22  2:18  SCV  
  23  2:36  Factory  
  23  2:38  SCV  
  23  2:40  Marine x2  
  26  2:50  Barracks Tech Lab  
  26  2:53  SCV  
  26  2:58  Marine x2, Orbital Command  
  29  3:07  SCV  
  29  3:10  Marine  
  29  3:11  Stimpack  
  31  3:15  Marine  
  31  3:16  Marine  
  34  3:20  SCV  
  34  3:28  Marine, SCV  
  34  3:32  SCV  
  34  3:33  Marine x2  
  39  3:35  Starport  
  39  3:40  SCV  
  40  3:44  SCV  
  40  3:45  Supply Depot, Factory Reactor  
  41  3:49  Marine  
  41  3:51  Marine  
  41  3:52  SCV  
  44  3:56  SCV  
  44  4:00  Supply Depot  
  45  4:04  SCV  
  45  4:08  SCV, Engineering Bay  
  47  4:13  Marine x3  
  47  4:16  SCV  
  50  4:20  SCV  
  51  4:28  Supply Depot, SCV  
  51  4:30  Medivac x2  
  56  4:34  Supply Depot  
  56  4:35  Marine x2  
  56  4:38  Marine  
  59  4:41  Terran Infantry Weapons Level 1  
  59  4:47  SCV x2  
  59  4:49  Widow Mine  
  63  4:52  Marine  
  63  4:53  Marine  
  63  4:55  Marine  
  63  4:56  Supply Depot  
  66  5:06  Medivac  
  68  5:11  Marine x2, Command Center  
  68  5:13  Marine  
  71  5:21  Combat Shields, Refinery  
  71  5:22  Refinery  
  71  5:30  Marine x2  
  71  5:31  Marine  
  71  5:33  Widow Mine  
  76  5:37  Supply Depot  
  76  5:45  Barracks x3  
  76  5:55  Marine x2  
  76  5:56  SCV x2  
  80  6:02  Factory Tech Lab  
  80  6:03  Medivac  
  74  6:13  Marine x2  
  74  6:14  Marine  
  74  6:16  SCV x2  
  79  6:21  Liberator x2  
  79  6:28  Orbital Command  
  79  6:29  SCV x2  
  79  6:31  Marine x3  
  80  6:42  Terran Infantry Armor Level 1  
  80  6:45  Barracks Reactor x3  
  80  6:48  SCV x2  
  80  6:51  Marine  
  80  6:52  Marine  
  84  6:57  Marine  
  84  6:58  Orbital Command  
  85  7:09  Marine  
  85  7:10  Marine  
  85  7:14  Siege Tank  
  90  7:15  Marine  
  90  7:16  Missile Turret  
  90  7:19  Missile Turret  
  90  7:21  SCV x2, Medivac x2  
  97  7:23  SCV  
  97  7:26  Marine  
  97  7:28  Marine  
  97  7:29  Marine x2  
  102  7:33  Marine, SCV x2  
  102  7:35  SCV  
  102  7:37  Missile Turret  
  106  7:39  Supply Depot  
  106  7:41  Supply Depot  
  105  7:45  SCV x2  
  105  7:47  SCV  
  108  7:56  Marine  
  109  8:00  Supply Depot, Siege Tank, SCV x2, Marine  
  109  8:01  Marauder, SCV  
  118  8:07  Armory  
  118  8:08  Marine x2  
  118  8:11  Marine x2  
  122  8:13  SCV  
  122  8:17  Marine x3  
  122  8:19  Marine  
  127  8:21  Marine  
  127  8:26  Marine  
  127  8:27  Marine  
  126  8:29  Marine x2, SCV x3  
  132  8:43  Marine x3  
  132  8:44  Marine x4  
  132  8:45  Command Center  
  136  8:59  Liberator  
  136  9:01  Marine  
  129  9:06  Marine x2  
  129  9:07  Marine x5, Marauder  
  138  9:10  Liberator  
  141  9:19  Marine  
  141  9:26  Supply Depot x2  
  141  9:27  Marine x5  
  141  9:31  Thor  
  149  9:39  Factory  
  149  9:40  Missile Turret  
  149  9:42  Supply Depot  
  149  9:44  Marine x6  
  155  9:51  Terran Infantry Weapons Level 2, Missile Turret  
  155  9:58  Marine x2, Engineering Bay, Medivac  
  159  10:10  Medivac  
  159  10:13  Marine x3  
  164  10:17  Thor  
  169  10:24  Planetary Fortress, Factory Reactor  
  169  10:26  Marine x5  
  169  10:27  Liberator x2, Marauder  
  176  10:30  Refinery x2  
  176  10:34  Marine x3  
  176  10:47  Marine x4  
  176  10:48  Marauder  
  176  10:49  Starport x2  
  188  10:54  Marine  
  188  10:55  Marine x3  
  192  11:05  Marine x4  
  192  11:07  Missile Turret  
  192  11:09  Missile Turret  
  192  11:10  Missile Turret, Drilling Claws  
  196  11:20  Widow Mine  
  196  11:24  Marine  
  195  11:27  Widow Mine  
  195  11:28  Marine x2  
  195  11:31  Starport Reactor  
  195  11:33  Marine, Starport Reactor  
  196  11:42  Supply Depot x2  
  196  11:59  Marine x5  
  196  12:01  Marauder  
  196  12:04  Marine x3  
  196  12:05  Widow Mine  
  196  12:07  Thor  
  186  12:16  Marine  
  186  12:18  Marine x2  
  189  12:23  Marauder  
  189  12:25  Marine x2  
  189  12:32  Liberator x3  
  189  12:35  Marine x4  
  193  12:43  Marine x2  
  190  12:44  Marauder  
  190  12:47  Widow Mine x2  
  197  12:57  Marine x2  
  188  12:59  Marine  
  174  13:06  Marine x2, Marauder  
  174  13:10  Medivac x2  
  152  13:13  Marine  
  152  13:16  Marine x2  
  152  13:17  Marine  
  152  13:19  Marine, Medivac  
  150  13:20  Marine  
  150  13:24  Marine x2  
  150  13:25  Widow Mine x2  
  150  13:26  Marine  
  152  13:28  Liberator  
  152  13:31  Marine  
  152  13:32  Medivac  
  151  13:34  Marine x3  
  151  13:37  Marine  
  151  13:39  Marine  
  140  13:41  Marine  
  140  13:44  Medivac  
  140  13:45  Marine, Marauder  
  145  13:49  Marine  
  145  13:52  Marine x3  
  149  13:57  Marine  
  150  14:03  Marine x2  
  150  14:04  Marine  
  150  14:06  Marauder  
  138  14:10  Marine x3  
  138  14:13  Marine  
  138  14:19  Marine  
  138  14:21  Marine  
  138  14:22  Marine  
  136  14:28  Marine, Marauder  
  133  14:33  Marine  
  121  14:40  Marine x3  
  121  14:41  Marine x2  
  114  14:46  Marine  
  114  14:47  Marine  
  114  14:49  Marauder  
  114  14:51  Marine  
  117  14:57  Medivac  
  117  14:58  Marine x4  
  117  14:59  Medivac  
  125  15:00  Marine  
  125  15:04  Marine x2  
  128  15:07  Viking  
  128  15:08  Marine  
  128  15:10  Marine  
  128  15:11  Viking  
  134  15:16  Marine x4  
  138  15:22  Marine x3  
  138  15:26  Marine  
  138  15:28  Marine  
  139  15:34  Marine x4, Orbital Command  
  142  15:40  Marine x3  
  145  15:44  Marine  
  145  15:45  Marine  
  145  15:49  Widow Mine, Barracks  
  149  15:50  Barracks  
  149  15:51  Marine, Widow Mine  
  149  15:52  Marine x2  
  154  16:03  Marine x6  
  160  16:09  Marine x3  
  156  16:19  SCV x2  
  156  16:20  Marine  
  156  16:21  Marine x5  
  164  16:27  Marine x3  
Show
View Real Time Build Order
Export as new Build Order

Matiz Zerg - Winner!

Build Orders: Hatch First, Muta Ling Bane 

Get SALT Encoding   

  12  0:02  Drone  
  13  0:12  Overlord  
  13  0:18  Drone  
  14  0:23  Extractor  
  14  0:24  Drone  
  15  0:32  Drone  
  16  0:35  Drone  
  17  0:53  Hatchery  
  17  0:55  Drone  
  17  0:59  Drone  
  18  1:12  Spawning Pool  
  18  1:15  Drone  
  18  1:24  Drone  
  19  1:32  Extractor  
  18  1:36  Drone  
  19  1:43  Hatchery  
  19  1:46  Drone  
  19  1:53  Drone  
  20  1:59  Queen  
  22  2:08  Queen  
  22  2:12  Zergling x2  
  26  2:15  Zergling x2  
  26  2:29  Overlord  
  26  2:31  Spore Crawler  
  26  2:33  Drone x2  
  28  2:40  Metabolic Boost  
  28  2:53  Queen  
  28  2:54  Drone x2  
  28  2:55  Drone  
  33  3:02  Queen  
  35  3:06  Overlord  
  35  3:11  Drone x2  
  37  3:16  Drone x2  
  37  3:18  Drone  
  40  3:26  Drone x3  
  40  3:27  Drone  
  44  3:33  Drone x2  
  44  3:34  Drone  
  47  3:38  Zergling x4  
  49  3:48  Overlord x2, Drone  
  50  3:57  Overlord  
  50  4:01  Extractor, Drone  
  50  4:02  Extractor  
  49  4:03  Drone  
  49  4:05  Overlord  
  50  4:10  Drone x2  
  50  4:11  Drone  
  50  4:13  Overlord  
  50  4:16  Drone x3  
  56  4:17  Drone  
  56  4:18  Drone x3  
  56  4:22  Overlord  
  60  4:25  Drone x2  
  60  4:27  Overlord  
  62  4:32  Drone  
  62  4:34  Zergling x4  
  62  4:37  Lair  
  65  4:39  Zergling x2  
  65  4:44  Zergling x2  
  65  4:45  Zergling x6  
  70  4:48  Zergling x4  
  70  4:49  Zergling x2  
  73  4:58  Baneling Nest  
  72  5:00  Evolution Chamber x2, Drone x3  
  72  5:01  Zergling x2  
  72  5:02  Zergling x2  
  75  5:09  Drone x3  
  75  5:13  Drone x2  
  80  5:16  Zergling x6  
  80  5:19  Queen  
  85  5:28  Zergling x6  
  87  5:29  Overlord  
  87  5:30  Zerg Melee Weapons Level 1, Zerg Ground Armor Level 1  
  87  5:33  Zergling x4  
  87  5:35  Drone x2  
  91  5:40  Spore Crawler  
  91  5:42  Spore Crawler  
  89  5:45  Overlord  
  89  5:48  Centrifical Hooks  
  89  5:49  Drone  
  90  5:50  Queen  
  90  5:52  Overlord  
  90  5:55  Extractor  
  90  5:56  Extractor  
  89  6:09  Hatchery  
  86  6:12  Drone x2  
  86  6:16  Hatchery, Overlord  
  87  6:23  Drone x3  
  87  6:24  Drone x5  
  87  6:25  Drone  
  93  6:34  Spire  
  93  6:35  Extractor  
  93  6:38  Baneling  
  93  6:39  Zergling x8, Baneling x2  
  95  6:45  Overlord  
  93  6:50  Drone x3  
  94  7:03  Zergling x10  
  98  7:15  Drone x6  
  103  7:17  Queen  
  103  7:21  Zergling x10  
  103  7:22  Pneumatized Carapace  
  111  7:23  Overseer  
  111  7:28  Baneling x5  
  111  7:29  Zerg Melee Weapons Level 2, Zerg Ground Armor Level 2  
  111  7:32  Overseer  
  111  7:35  Baneling x3  
  111  7:36  Drone x5  
  116  7:38  Overlord  
  114  7:50  Zerg Flyer Weapons Level 1  
  114  7:58  Zergling x18  
  115  7:59  Zergling x8  
  115  8:01  Drone x2  
  118  8:20  Drone x4  
  122  8:34  Drone x3  
  122  8:37  Mutalisk x6  
  122  8:38  Mutalisk x3  
  143  8:47  Mutalisk x2  
  147  8:51  Overlord  
  145  9:02  Mutalisk x2  
  140  9:05  Zergling x2  
  140  9:06  Zergling x14  
  140  9:08  Mutalisk  
  149  9:21  Queen  
  149  9:24  Mutalisk  
  149  9:25  Mutalisk  
  152  9:35  Overlord x4  
  152  9:36  Zergling x10  
  152  9:37  Overlord x2  
  157  9:42  Extractor x2  
  155  9:47  Mutalisk  
  155  9:48  Infestation Pit  
  155  9:50  Hatchery  
  155  9:54  Mutalisk x2  
  155  9:56  Drone x2  
  155  9:57  Drone x5  
  155  9:58  Zergling x12  
  155  9:59  Zergling x4  
  174  10:04  Zerg Flyer Weapons Level 2  
  174  10:17  Mutalisk x2  
  174  10:28  Overlord  
  174  10:30  Hive, Drone  
  174  10:31  Drone x3  
  174  10:34  Baneling  
  174  10:35  Baneling x9  
  178  10:39  Mutalisk, Extractor x2  
  178  10:45  Overseer x2  
  178  10:48  Baneling x2  
  177  10:50  Zergling x40  
  177  10:55  Burrow  
  196  11:02  Baneling x5  
  196  11:22  Infestor x3  
  196  11:32  Mutalisk x2  
  184  12:05  Queen  
  184  12:07  Zergling x42  
  184  12:08  Zergling x26  
  190  12:11  Baneling x14  
  190  12:12  Zergling x6  
  190  12:15  Adrenal Glands  
  193  12:17  Zergling x4  
  193  12:21  Corruptor  
  195  12:25  Overlord x2  
  192  12:32  Overlord  
  192  12:33  Overlord  
  191  12:40  Greater Spire, Overlord  
  185  12:50  Baneling x5  
  166  12:58  Corruptor x2  
  166  12:59  Corruptor x4  
  163  13:10  Zergling x26  
  163  13:11  Zergling x6  
  155  13:15  Corruptor x3  
  155  13:16  Corruptor x2  
  155  13:18  Baneling x2  
  155  13:19  Baneling x12  
  149  13:27  Zergling x2  
  149  13:28  Zergling x10  
  149  13:40  Zergling x12  
  149  13:41  Zergling x4  
  150  13:46  Zergling x30  
  150  13:48  Baneling x10  
  157  13:59  Brood Lord x4  
  163  14:03  Zergling x10  
  158  14:12  Zergling x14  
  159  14:22  Brood Lord x2  
  159  14:23  Zergling x6  
  148  14:41  Zergling x4  
  148  14:42  Zergling x26  
  148  14:43  Baneling  
  148  14:44  Baneling x2  
  157  14:58  Overlord  
  157  14:59  Infestor x4  
  165  15:01  Brood Lord  
  166  15:15  Corruptor x3  
  168  15:29  Corruptor x4  
  168  15:32  Baneling  
  168  15:33  Baneling x6  
  174  15:49  Zergling x12  
  180  15:58  Hatchery  
  180  16:00  Corruptor  
  180  16:01  Corruptor x2  
  185  16:08  Corruptor  
  185  16:09  Corruptor x2  

Tags
 
Add a new tag
Caveats
  • Supply blocks, unpowered buildings, or Contaminate may cause inaccurate times.
  • Supply counts are checked every 10 seconds.